 Dungeon Crawl Stone Soup version 0.16-a0-2669-g4c00d22 (webtiles) character file.

1334 Ololoev the Chucker (level 8, -5/58 HPs)
             Began as a Demonspawn Monk on Nov 24, 2014.
             Splashed by a jelly's acid (10 damage)
             ... on level 6 of the Dungeon.
             The game lasted 00:33:10 (7478 turns).

Ololoev the Chucker (Demonspawn Monk)               Turns: 7478, Time: 00:33:10

Health: -5/58      AC: -6    Str: 13    XL:     8   Next: 35%
Magic:  8/8        EV:  5    Int: 13    God:
Gold:   336        SH:  0    Dex: 15    Spells: 0 memorised, 7 levels left

rFire  . . .     SeeInvis .     b - +1 hand axe (venom)
rCold  . . .     Clarity  .     l - +0 chain mail
rNeg   . . .     SustAb   .     (no shield)
rPois  .         Gourm    .     (helmet restricted)
rElec  .         Spirit   .     (no cloak)
rCorr  .         Warding  .     d - +2 pair of gloves {archery}
rMut   .         Stasis   .     m - +0 pair of boots
MR     .....                    (no amulet)
Stlth  ..........               (no ring)
                                (no ring)

@: corroded equipment, not resistant to hostile enchantments, extremely
unstealthy
A: antennae 2, claws 1, powered by death 1, rot immunity
a: no special abilities


You were on level 6 of the Dungeon.
You were very hungry.

You visited 1 branch of the dungeon, and saw 6 of its levels.

You collected 336 gold pieces.

Notes
Turn   | Place    | Note
--------------------------------------------------------------
     0 | D:1      | Ololoev, the Demonspawn Monk, began the quest for the Orb.
     0 | D:1      | Reached XP level 1. HP: 18/18 MP: 1/1
   538 | D:1      | Reached skill level 1 in Armour
   538 | D:1      | Gained mutation: You are immune to rotting. [demonic ancestry]
   538 | D:1      | Reached XP level 2. HP: 20/24 MP: 2/2
  1093 | D:2      | Reached skill level 1 in Throwing
  1183 | D:2      | Gained mutation: You have a pair of small antennae on your head. [demonic ancestry]
  1183 | D:2      | Reached XP level 3. HP: 29/29 MP: 3/3
  1573 | D:2      | Found a snail-covered altar of Cheibriados.
  2408 | D:3      | Reached skill level 1 in Axes
  2408 | D:3      | Reached XP level 4. HP: 26/35 MP: 4/4
  3372 | D:3      | Found a deep blue altar of Sif Muna.
  3476 | D:3      | Gained mutation: You have sharp fingernails. [demonic ancestry]
  3476 | D:3      | Reached XP level 5. HP: 39/41 MP: 5/5
  4010 | D:4      | Noticed Ololoev's ghost (weakling DsMo)
  4176 | D:4      | Found a shimmering altar of Xom.
  4178 | D:4      | Found a shimmering altar of Xom.
  4457 | D:4      | Gained mutation: You can steal the life force of nearby defeated enemies. [demonic ancestry]
  4457 | D:4      | Reached XP level 6. HP: 44/47 MP: 6/6
  4601 | D:4      | Noticed an ogre
  4614 | D:4      | Killed an ogre
  4935 | D:4      | Noticed an ogre
  5026 | D:4      | Killed an ogre
  5163 | D:4      | Killed Ololoev's ghost
  5163 | D:4      | Reached skill level 4 in Throwing
  5163 | D:4      | Reached XP level 7. HP: 44/52 MP: 7/7
  5374 | D:5      | Entered Level 5 of the Dungeon
  5498 | D:5      | Noticed Sigmund
  5931 | D:5      | Reached skill level 5 in Throwing
  6552 | D:5      | Gained mutation: You have a pair of antennae on your head. [demonic ancestry]
  6552 | D:5      | Reached XP level 8. HP: 31/58 MP: 8/8
  6723 | D:5      | Killed Sigmund
  6732 | D:5      | Found a stormy altar of Qazlal.
  6734 | D:5      | Found a radiant altar of Vehumet.
  6739 | D:5      | Noticed Edmund
  6924 | D:5      | Found a shadowy altar of Dithmenos.
  7299 | D:5      | Killed Edmund
  7387 | D:6      | Reached skill level 6 in Throwing
  7462 | D:6      | Found a glowing golden altar of the Shining One.
  7478 | D:6      | Splashed by a jelly's acid

Inventory:

Hand weapons
 a - a +0 blowgun
 b - a +1 hand axe of venom (weapon)
Missiles
 f - 41 stones (quivered)
 k - 14 poisoned needles
 y - 6 needles of confusion
Armour
 d - a +2 pair of gloves of archery (worn)
 l - a +0 chain mail (worn)
 m - a +0 pair of boots (worn)
Magical devices
 c - a wand of digging (9)
 w - a wand of random effects (14)
Scrolls
 h - a scroll of blinking
 j - a scroll of teleportation {unknown}
 p - a scroll of magic mapping {unknown}
 q - a scroll of immolation {unknown}
 r - a scroll of torment {unknown}
 s - 2 scrolls of remove curse
 u - a scroll of fog
Potions
 e - a potion of restore abilities {unknown}
 t - a potion of magic {unknown}
 v - a potion of curing {unknown}
 z - a potion of brilliance {unknown}
Comestibles
 g - 3 fruits
 i - 2 royal jellies
 n - 2 bread rations
 o - 2 meat rations

Table legend:
 A = Turns spent in this place as a percentage of turns spent in the entire game.
 B = Non-inter-level travel turns spent in this place as a percentage of non-inter-level travel turns spent in the entire game.
 C = Inter-level travel turns spent in this place as a percentage of turns spent in this place.
 D = Turns resting spent in this place as a percentage of non-inter-level travel turns spent in this place.
 E = Turns spent auto-exploring this place as a percentage of non-inter-level travel turns spent in this place.
 F = Non-inter-level travel turns spent in this place divided by the number of levels of this place that you've seen.
                   A       B       C       D       E      F
               +-------+-------+-------+-------+-------+----------------------
         Total | 100.0 | 100.0 |   0.8 |   4.5 |   8.5 | 373.7
       Dungeon | 100.0 | 100.0 |   0.8 |   4.5 |   8.5 | 373.7
               +-------+-------+-------+-------+-------+----------------------


   Skills:
 - Level 3.4 Fighting
 + Level 4.6 Axes
 * Level 6.1 Throwing
 + Level 4.1 Armour
 - Level 2.6 Dodging
 - Level 1.7 Stealth
 - Level 3.9 Unarmed Combat


You had 7 spell levels left.
You didn't know any spells.

Dungeon Overview and Level Annotations

Branches:
Dungeon (6/15)
 Temple: D:4-7

Altars:
Cheibriados
Dithmenos
Qazlal
Sif Muna
Vehumet
Xom
The Shining One

Annotations:
D:3 exclusion: door


Innate Abilities, Weirdness & Mutations

You have a pair of antennae on your head.
You have sharp fingernails.
You can steal the life force of nearby defeated enemies.
You are immune to rotting.


Message History

A jelly comes into view.
The jelly quivers.
The jelly moves out of view.
Found 14 gold pieces.
You hit the jelly. The acid corrodes your equipment!
The jelly is moderately wounded.
The jelly hits you but does no damage.
Your chain mail prevents you from hitting the jelly.
The jelly is moderately wounded.
The jelly barely misses you.
You hit the jelly but do no damage.
The jelly is moderately wounded.
The jelly hits you but does no damage.
You hit the jelly but do no damage. The acid corrodes your equipment!
The jelly is moderately wounded.
The jelly barely misses you. The jelly hits you but does no damage.
Your chain mail prevents you from hitting the jelly.
The jelly is moderately wounded.
The jelly hits you.
You are splashed with acid!
The acid corrodes your equipment!
The acid burns!
You hit the jelly but do no damage.
The jelly is moderately wounded.
The jelly hits you.
You are splashed with acid!
The acid corrodes your equipment!
The acid burns!
You hit the jelly but do no damage. The acid corrodes your equipment!
The jelly is moderately wounded.
The jelly hits you.
You are splashed with acid!
The acid burns!
You are too injured to fight recklessly!
You are too injured to fight recklessly!
You are too injured to fight recklessly!
You hit the jelly but do no damage.
The jelly is moderately wounded.
The jelly hits you.
You are splashed with acid!
The acid burns!
Your chain mail prevents you from hitting the jelly.
The jelly is moderately wounded.
The jelly hits you.
You are splashed with acid!
The acid burns!
You hit the jelly but do no damage.
The jelly is moderately wounded.
The jelly hits you.
You are splashed with acid!
The acid burns!
You die...

#### #$.. #... #
#... #... #... ..⌠..
#... .⌠.⌠.. #...###
⌠._.⌠.. ##.. #.J.##
.⌠.⌠..##....#
###@.##..⌠..##.....+
##..##...##......#
##..## ##.......#
#...###........#
#....#.........#
#....#.........#
#.........[....#
##......###'##..
#......#....#..


You could see a jelly.

Table legend:
 A = Kills in this place as a percentage of kills in entire the game.
 B = Kills by you in this place as a percentage of kills by you in the entire game.
 C = Kills by friends in this place as a percentage of kills by friends in the entire game.
 D = Other kills in this place as a percentage of other kills in the entire game.
 E = Experience gained in this place as a percentage of experience gained in the entire game.
 F = Experience gained in this place divided by the number of levels of this place that you have seen.
                   A       B       C       D       E      F
               +-------+-------+-------+-------+-------+----------------------
         Total | 100.0 | 100.0 |  -nan |  -nan | 100.0 | 317.8
       Dungeon | 100.0 | 100.0 |  -nan |  -nan | 100.0 | 317.8
               +-------+-------+-------+-------+-------+----------------------

Vanquished Creatures
  Edmund (D:5)
  2 ice beasts (D:5)
  2 ogres (D:4)
  A phantom (D:5)
  Sigmund (D:5)
  A giant frog (D:6)
  A scorpion (D:4)
  The ghost of Ololoev the Skirmisher, a weakling DsMo (D:4)
  A crimson imp (D:5)
  A goliath beetle (D:6)
  An orc wizard (D:4)
  4 orc priests
  An iguana (D:4)
  2 worker ants (D:4)
  9 adders
  2 worms (D:2)
  3 adder skeletons
  2 adder zombies (D:5)
  11 orcs
  12 bats
  A bat zombie (D:5)
  7 giant cockroaches
  11 goblins
  9 hobgoblins
  15 jackals
  4 quokkas
  4 giant geckos
  9 giant newts
  11 kobolds
  7 rats
137 creatures vanquished.

Action                   |  1- 3 |  4- 6 |  7- 9 || total
-------------------------+-------+-------+-------++-------
Melee: Unarmed           |    80 |       |       ||    80
       Hand axe          |    46 |   323 |   243 ||   612
 Fire: Blowgun           |       |    23 |    36 ||    59
Throw: Stone             |    90 |    17 |    18 ||   125
Evoke: Wand              |       |       |     2 ||     2
  Use: Scroll            |       |     8 |     1 ||     9
       Potion            |       |     3 |     1 ||     4
 Stab: Sleeping          |     1 |       |       ||     1
       Confused          |       |       |     2 ||     2
  Eat: Chunk             |     5 |     9 |     5 ||    19
       Beef jerky        |       |       |     1 ||     1

Vault maps used:
D:1:      wheals_arrival_linesprint
D:2:      lemuel_doored_altar, minmay_misc_feat_diagonals,
          kennysheep_generic_room_14
D:3:      led_sif_book
D:4:      xom_redecorated, kennysheep_generic_room_3
D:5:      kennysheep_mini, nicolae_dithmenos_through_a_glass_darkly,
          vehumet_crystals, first_bread, kennysheep_flooded_box,
          kennysheep_small_circle, uniq_sigmund, uniq_edmund
D:6:      minmay_temple_entry_grid, tso_metal_star
